 Dungeon Crawl Stone Soup version 0.27.1-33-g824d729ab1 (webtiles) character file.

Game seed: 8993092654225299381

12 lonewolfV2 the Stinger (level 2, -1/17 HPs)
             Began as an Octopode Venom Mage on Dec 15, 2021.
             Slain by a quokka (3 damage)
             ... on level 1 of the Dungeon.
             The game lasted 00:01:11 (616 turns).

lonewolfV2 the Stinger (Octopode Venom Mage)         Turns: 616, Time: 00:01:11

Health: -1/17      AC:  1    Str:  7    XL:     2   Next: 33%
Magic:  0/5        EV: 13    Int: 17    God:
Gold:   47         SH:  0    Dex: 12    Spells: 2/5 levels left

rFire    . . .     SeeInvis .   (no weapon)
rCold    . . .     Faith    .   (no shield)
rNeg     . . .     Spirit   .   (helmet restricted)
rPois    .         Reflect  .   (no amulet)
rElec    .         Harm     .   (no ring)
rCorr    .         Rampage  .   (no ring)
Will     .....                  (no ring)
Stlth    +++.......             (no ring)
HPRegen  0.05/turn              (no ring)
MPRegen  0.09/turn              (no ring)
                                (no ring)
                                (no ring)

@: no status effects
A: almost no armour, amphibious, 8 rings, camouflage 1, gelatinous body 1,
(nimble swimmer 1), tentacles
a: no special abilities


You were on level 1 of the Dungeon.
You visited 1 branch of the dungeon, and saw 1 of its levels.

You collected 47 gold pieces.

You aren't carrying anything.


   Skills:
 + Level 2.0 Dodging
 + Level 3.0 Stealth
 + Level 2.1 Spellcasting
 + Level 1.0 Transmutations
 + Level 4.2 Poison Magic


You had 2 spell levels left.
You knew the following spells:

 Your Spells              Type           Power      Damage    Failure   Level
a - Sting                 Tmut/Pois      40%        1d5       7%          1
b - Poisonous Vapours     Pois/Air       18%        N/A       12%         2

Your spell library contained the following spells:

 Spells                   Type           Power      Damage    Failure   Level
 Mephitic Cloud           Conj/Pois/Air  6%         N/A       32%         3
 Olgreb's Toxic Radiance  Pois           16%        N/A       32%         4


Dungeon Overview and Level Annotations

Branches:
Dungeon (1/15)

Altars:

Shops:
D:1 =?


Innate Abilities, Weirdness & Mutations

You cannot wear most types of armour.
You are amphibious.
You can wear up to eight rings at the same time.
Your skin changes colour to match your surroundings (Stealth+).
Your rubbery body absorbs attacks. (AC +1, EV +1)
((You are camouflaged near water. (Stealth+)))
You have tentacles for arms and can constrict up to eight enemies at once.


Message History

A quokka comes into view.
A hobgoblin comes into view.
The hobgoblin shouts!
Casting: Sting (safe; 7% risk of failure)
Confirm with . or Enter, or press ? or * to list all spells.
Aiming: Poisonous Vapours (safe; 12% risk of failure)
Press: ? - help, Dir - move target, f - quokka
Aim: a quokka Poisonous vapours surround the quokka!
The quokka is poisoned.
Casting: Poisonous Vapours (safe; 12% risk of failure)
Confirm with . or Enter, or press ? or * to list all spells.
Aiming: Poisonous Vapours (safe; 12% risk of failure)
Press: ? - help, Dir - move target, f - rat, p - quokka
Aim: a rat (asleep) Poisonous vapours surround the rat!
The rat is poisoned.
The quokka bites you.
Casting: Poisonous Vapours (safe; 12% risk of failure)
Confirm with . or Enter, or press ? or * to list all spells.
Aiming: Sting (safe; 7% risk of failure)
Press: ? - help, Shift-Dir - straight line, f/p - rat
Aim: a rat (poisoned, 71% to hit)
The sting hits the rat.
The rat looks even sicker.
You kill the rat!
The quokka bites you. The quokka misses you. The quokka bites you.
The quokka barely misses you.
You tentacle-slap the hobgoblin but do no damage.
You grab the hobgoblin.
You constrict the hobgoblin, but do no damage.
The quokka bites you. The hobgoblin hits you.
* * * LOW HITPOINT WARNING * * *
You tentacle-slap the hobgoblin but do no damage.
You constrict the hobgoblin.
The quokka looks more healthy.
The quokka barely misses you. The hobgoblin barely misses you.
You tentacle-slap the hobgoblin but do no damage.
You squeeze the hobgoblin.
You kill the hobgoblin!
The quokka barely misses you.
Your Stealth skill increases to level 3!
The quokka bites you.
You die...

........#################
.......................>#
........########..####..
........# ##.#
#################.###
#..........# #..†.......#
#......r...# #......@...#
#...∩......# .
#....$......# .
#....?......# .
#...........# .
#............# .
#..........#.# .
#..........#.. .


You could see a quokka.

Vanquished Creatures
  A dart slug (D:1)
  3 ball pythons (D:1)
  2 endoplasms (D:1)
  A giant cockroach (D:1)
  A hobgoblin (D:1)
  A rat (D:1)
9 creatures vanquished.

Notes
Turn   | Place    | Note
-------+----------+-------------------------------------------
     0 | D:1      | lonewolfV2 the Octopode Venom Mage began the quest for the
                  | Orb.
     0 | D:1      | Reached XP level 1. HP: 11/11 MP: 3/3
   149 | D:1      | Found Luolam's Jewellery Emporium.
   199 | D:1      | Reached skill level 4 in Poison Magic
   201 | D:1      | Reached XP level 2. HP: 3/17 MP: 0/5
   600 | D:1      | Learned a level 2 spell: Poisonous Vapours
   602 | D:1      | Found Kenuf's Magic Scroll Emporium.
   616 | D:1      | Slain by a quokka

Illustrated notes

Levels and vault maps discovered:
D:1:      wander_arrival_lonely_grave, layout_basic, serial_shops, shop,
          nicolae_shop_behind_doors, shop, shop, minmay_cupped

Skill      XL: |  1  2 |
---------------+-------+-----
Poison Magic   | 4 |  4.2
Stealth        | 3 |  3.0
Dodging        | |  2.0
Spellcasting   | |  2.1
Transmutations | |  1.0

Action                   || total
-------------------------++-------
Melee: Unarmed           ||     8
       Constrict         ||     2
       Tentacles         ||     2
 Cast: Sting             ||    11
       Poisonous Vapours ||     2
  Use: Scroll            ||     2
Dodge: Dodged            ||     8
